 Dungeon Crawl Stone Soup version 0.32-a0-699-g1ee5eff69a (webtiles) character file.

Game seed: 5832537548601826283

31 BeKind the Caller (level 3, 0/21 HPs)
             Began as an Octopode Summoner on Mar 14, 2024.
             Slain by an adder (2 damage)
             ... on level 2 of the Dungeon.
             The game lasted 00:01:56 (1083 turns).

BeKind the Caller (Octopode Summoner)               Turns: 1083, Time: 00:01:57

Health: 0/21       AC:  1    Str:  7    XL:     3   Next: 22%
Magic:  4/6        EV: 12    Int: 19    God:
Gold:   28         SH:  0    Dex: 12    Spells: 2/6 levels left

rFire   . . .        (no weapon)
rCold   . . .        (no shield)
rNeg    . . .        (helmet restricted)
rPois   .            h - amulet of regeneration
rElec   .            (no ring)
rCorr   .            (no ring)
SInv    .            (no ring)
Will    .....        (no ring)
Stlth   +++          (no ring)
HPRegen 1.03/turn    (no ring)
MPRegen 0.10/turn    (no ring)
                     (no ring)

%: no passive effects
@: lethally poisoned (0 -> -1)
A: almost no armour, amphibious, 8 rings, camouflage 1, gelatinous body 1,
(nimble swimmer 1), tentacles
a: no special abilities


You were on level 2 of the Dungeon.
You visited 1 branch of the dungeon, and saw 2 of its levels.

You collected 28 gold pieces.

Inventory:

Armour
 f - a +0 tower shield
 k - a +0 buckler
Jewellery
 h - an amulet of regeneration (around mantle)
Talismans
 m - a flux talisman
Scrolls
 b - a scroll of teleportation {unknown}
 e - a scroll of fear {unknown}
 j - a scroll of identify {unknown}
Potions
 a - a potion of magic
 c - a potion of cancellation {unknown}
 d - a potion of resistance {unknown}
 g - a potion of might {unknown}
 i - a potion of curing {unknown}
 l - a potion of degeneration {unknown}
 n - a potion of heal wounds {unknown}
 o - a potion of lignification {unknown}


   Skills:
 + Level 2.5 Dodging
 - Level 3.0 Stealth
 + Level 0.3 Shields
 + Level 2.4 Spellcasting
 + Level 4.3 Summonings


You had 2 spell levels left.
You knew the following spells:

 Your Spells              Type           Power      Damage    Failure   Level
a - Summon Small Mammal   Summ           72%        N/A       2%          1
b - Call Canine Familiar  Summ           18%        N/A       9%          3

Your spell library contained the following spells:

 Spells                   Type           Power      Damage    Failure   Level
 Call Imp                 Summ           36%        N/A       4%          2
 Shock                    Conj/Air       8%         1d3       16%         1
 Ensorcelled Hibernation  Hex/Ice        4%         N/A       24%         2
 Passwall                 Erth           2%         N/A       43%         3
 Swiftness                Air            2%         N/A       43%         3
 Summon Blazeheart Golem  Fire/Summ      10%        N/A       54%         4
 Summon Lightning Spire   Summ/Air       10%        N/A       54%         4
 Airstrike                Air            1%         2d(1-17)  85%         4


Dungeon Overview and Level Annotations

Branches:
Dungeon (2/15)

Altars:


Innate Abilities, Weirdness & Mutations

You cannot wear most types of armour.
You are amphibious.
You can wear up to eight rings at the same time.
Your skin changes colour to match your surroundings (Stealth+).
Your rubbery body absorbs attacks. (AC +1, EV +1)
((You are camouflaged when in or above water. (Stealth+)))
You have tentacles for arms and can constrict up to eight enemies at once.


Message History

The adder closely misses you.
Your rat closely misses the adder.
You feel sick. The adder bites you but does no damage.
The hobgoblin attacks as it pursues you!
The hobgoblin misses you.
You feel sick.
Your bat closely misses the adder.
You barely miss the adder. Your grab misses the adder. You squeeze the adder.
The adder is moderately wounded.
You feel sick.
You are no longer poisoned.
The hobgoblin hits your rat but does no damage.
The adder closely misses you.
Your rat completely misses the adder.
You closely miss the adder. Your grab misses the adder.
Your squeeze misses the adder.
The adder is moderately wounded.
Your bat hits the adder. The adder misses you.
The hobgoblin barely misses your rat. The adder bites you.
You are poisoned.
The adder poisons you! The hobgoblin hits your bat.
Your rat misses the adder. You tentacle-slap the adder.
Your grab misses the adder.
The adder is severely wounded.
You feel sick. The hobgoblin hits your rat.
Your rat dies!
Your rat's corpse disappears in a puff of smoke!
The adder closely misses you.
Your bat hits the adder but does no damage.
You tentacle-slap the adder. Your grab misses the adder.
The adder is severely wounded.
You feel sick.
Your bat completely misses the adder.
Your bat closely misses the adder.
The adder bites you.
* * * LOW HITPOINT WARNING * * *
You are more poisoned.
The adder poisons you!
Your bat closely misses the hobgoblin.
The hobgoblin closely misses your bat.
You tentacle-slap the adder. Your grab misses the adder.
Your squeeze misses the adder.
The adder is almost dead.
You feel sick.
Your bat completely misses the adder.
The adder bites you.
* * * LOW HITPOINT WARNING * * *
Your bat misses the adder. The adder bites you.
You die...

.. ..# #..# #. #.#
#####..# #. #.#
#..>#..# #.
#.###.#.#..# .
##.##.#.r.#...†###.
#.#...#.#####..##..
#.##.....#....#.#.
#.######.#r......#
#@# #...####†##
##S######.### #.#
#bg.$.....# #.##
#.g#####.## ##.#
#......)...#..
#######.
........##.....
........ #.#.#...#
.#g.. ########
........##.##.#
#.#.#.#.#


You could see an adder (ally target), 2 hobgoblins and a friendly bat
(summoned).

Vanquished Creatures
  A dart slug (D:2)
  3 endoplasms
  4 goblins
  2 hobgoblins
  2 quokkas
  4 ball pythons (D:1)
  2 bats
  3 frilled lizards (D:1)
21 creatures vanquished.

Vanquished Creatures (collateral kills)
  A goblin (D:1)
  2 kobolds
  2 bats
  A frilled lizard (D:1)
6 creatures vanquished.

Grand Total: 27 creatures vanquished

Notes
Turn   | Place    | Note
-------+----------+-------------------------------------------
     0 | D:1      | BeKind the Octopode Summoner began the quest for the Orb.
     0 | D:1      | Reached XP level 1. HP: 11/11 MP: 3/3
   168 | D:1      | Reached XP level 2. HP: 17/17 MP: 3/5
   320 | D:1      | Found a faded altar of an unknown god.
   921 | D:2      | Reached XP level 3. HP: 21/21 MP: 3/6
  1032 | D:2      | Learned a level 3 spell: Call Canine Familiar
  1083 | D:2      | Slain by an adder

Illustrated notes

Levels and vault maps discovered:
D:1:      eino_arrival_druids_welcome, layout_loops_cross,
          nicolae_ecumenical_snake_handling
D:2:      layout_loops_ring, uniq_crazy_yiuf_cottage

Skill      XL: |  1 |
---------------+----+-----
Stealth        | 3 |  3.0
Dodging        | |  2.5
Shields        | |  0.3
Spellcasting   | |  2.4
Summonings     | |  4.3

Action                     || total
---------------------------++-------
  Melee: Unarmed           ||    54
         Constrict         ||    15
         Tentacles         ||    12
   Cast: Summon Small Mamm ||    24
   Stab: Sleeping          ||     5
 Armour: Skin              ||    29
  Dodge: Dodged            ||    31

Table legend: (Time is in decaauts)
 A = Elapsed time spent in this place.
 B = Non-inter-level travel time spent in this place.
 C = Inter-level travel time spent in this place.
 D = Time resting spent in this place.
 E = Time spent auto-exploring this place.
 F = Levels seen in this place.
 G = Mean time per level.
                   A        B        C        D        E       F      G
               +--------+--------+--------+--------+--------+-----+--------+
         Total |   1082 |   1053 |     29 |      0 |    847 |   2 |  541.0 |
       Dungeon |   1082 |   1053 |     29 |      0 |    847 |   2 |  541.0 |
               +--------+--------+--------+--------+--------+-----+--------+

Top non-repeatable levels by time:
     D:1: 865 daAuts
     D:2: 217 daAuts
